 Dungeon Crawl Stone Soup version 0.31-a0-841-g038b102fc3 (webtiles) character file.

Game seed: 13839641457494330443

24 javelincjr the Magician (level 3, 0/21 HPs)
             Began as an Octopode Hedge Wizard on Sept 27, 2023.
             Slain by a ball python (3 damage)
             ... on level 2 of the Dungeon.
             The game lasted 00:04:08 (1471 turns).

javelincjr the Magician (Octopode Hedge Wizard)     Turns: 1471, Time: 00:04:08

Health: 0/21       AC:  1    Str:  9    XL:     3   Next: 2%
Magic:  2/7        EV: 13    Int: 18    God:
Gold:   41         SH:  0    Dex: 11    Spells: 3/8 levels left

rFire   . . .        a - +0 dagger
rCold   . . .        h - orb {*channel}
rNeg    . . .        b - +0 hat
rPois   .            (no amulet)
rElec   .            (no ring)
rCorr   .            (no ring)
SInv    .            (no ring)
Will    .....        (no ring)
Stlth   +++          (no ring)
HPRegen 0.23/turn    (no ring)
MPRegen 0.10/turn    (no ring)
                     (no ring)

%: channel magic (20%)
@: very slightly contaminated
A: almost no armour, amphibious, 8 rings, camouflage 1, gelatinous body 1,
(nimble swimmer 1), tentacles
a: no special abilities


You were on level 2 of the Dungeon.
You visited 1 branch of the dungeon, and saw 2 of its levels.

You collected 59 gold pieces.
You spent 18 gold pieces at shops.

Inventory:

Hand Weapons
 a - a +0 dagger (weapon)
Armour
 b - a +0 hat (worn)
 h - an orb of energy (worn)
 o - a +0 hat
Jewellery
 m - an amulet of magic regeneration
Scrolls
 d - a scroll of teleportation {unknown}
 e - a scroll of noise {unknown}
 f - a scroll of fear {unknown}
 j - a scroll of enchant armour {unknown}
 l - 2 scrolls of identify {unknown}
 n - a scroll of poison {unknown}
Potions
 c - a potion of magic
 g - a potion of lignification {unknown}
 i - 2 potions of curing {unknown}
 k - a potion of ambrosia {unknown}


   Skills:
 + Level 2.2 Dodging
 + Level 3.0 Stealth
 + Level 3.2 Spellcasting
 + Level 1.4 Conjurations
 + Level 1.3 Summonings
 + Level 1.3 Translocations


You had 3 spell levels left.
You knew the following spells:

 Your Spells              Type           Power      Damage    Failure   Level
a - Magic Dart            Conj           32%        1d4       22%         1
b - Call Imp              Summ           14%        N/A       32%         2
c - Blink                 Tloc           14%        N/A       32%         2

Your spell library contained the following spells:

 Spells                   Type           Power      Damage    Failure   Level
 Apportation              Tloc           14%        N/A       24%         1
 Slow                     Hex            8%         N/A       34%         1
 Cigotuvi's Dreadful Rot  Necr/Pois/Air  4%         N/A       45%         2
 Jinxbite                 Hex            4%         N/A       45%         2
 Mephitic Cloud           Conj/Pois/Air  4%         N/A       58%         3
 Alistair's Intoxication  Tmut/Pois      1%         N/A       100%        5


Dungeon Overview and Level Annotations

Branches:
Dungeon (2/15)

Altars:

Shops:
D:1 *


Innate Abilities, Weirdness & Mutations

You cannot wear most types of armour.
You are amphibious.
You can wear up to eight rings at the same time.
Your skin changes colour to match your surroundings (Stealth+).
Your rubbery body absorbs attacks. (AC +1, EV +1)
((You are camouflaged when in or above water. (Stealth+)))
You have tentacles for arms and can constrict up to eight enemies at once.


Message History

Press: ? - help, Shift-Dir - straight line, f/p - adder
Aim: an adder (moderately wounded, 100% to hit)
The magic dart hits the adder.
The adder is severely wounded.
The ball python bites you. The ball python closely misses you.
The adder bites you. The ball python misses you. x2
A kobold comes into view. It is wielding a +0 club.
Casting: Magic Dart (safe; 22% risk of failure)
Confirm with . or Enter, or press ? or * to list all spells.
Aiming: Magic Dart (safe; 22% risk of failure)
Press: ? - help, Shift-Dir - straight line, f/p - adder
Aim: an adder (severely wounded, 100% to hit)
The magic dart hits the adder.
The adder is almost dead.
The kobold shouts!
The adder bites you. The ball python bites you.
The ball python closely misses you. The adder bites you.
* * * LOW HITPOINT WARNING * * *
Casting: Magic Dart (safe; 22% risk of failure)
Confirm with . or Enter, or press ? or * to list all spells.
Aiming: Magic Dart (safe; 22% risk of failure)
Press: ? - help, Shift-Dir - straight line, f/p - adder
Aim: an adder (almost dead, 100% to hit)
You miscast Magic Dart.
Nothing appears to happen.
Magical energy flows into your mind! The ball python closely misses you.
The ball python barely misses you. The adder barely misses you.
You completely miss the adder. Your grab misses the adder.
The adder is severely wounded.
The adder barely misses you. The ball python bites you.
* * * LOW HITPOINT WARNING * * *
The ball python completely misses you.
You miss the adder. Your grab misses the adder.
The adder is severely wounded.
The adder barely misses you. The ball python closely misses you.
The ball python barely misses you. The adder misses you.
You hit the adder but do no damage. You grab the adder.
The adder is severely wounded.
You constrict the adder, but do no damage.
The ball python bites you.
You die...

♣..##.#..#######
♣..##.#........#
♣......#.####.##
♣#.#...#.#
♣..##..#.#..
♣...........>
♣..##..#.<...
♣♣......#.###.
♣♣@#....##.#
♣SS♣....+
♣.♣).....#
.K........#
..##....##### ..
#....# . #.....
.....? #.......


You could see an adder, a ball python and a kobold.

Vanquished Creatures
  A dart slug (D:1)
  2 endoplasms (D:1)
  A giant cockroach (D:1)
  2 goblins
  2 hobgoblins (D:1)
  2 jackals (D:1)
  2 quokkas (D:1)
  A ball python (D:1)
  5 bats (D:1)
18 creatures vanquished.

Vanquished Creatures (collateral kills)
  A rat (D:1)
1 creature vanquished.

Grand Total: 19 creatures vanquished

Notes
Turn   | Place    | Note
-------+----------+-------------------------------------------
     0 | D:1      | javelincjr the Octopode Hedge Wizard began the quest for
                  | the Orb.
     0 | D:1      | Reached XP level 1. HP: 11/11 MP: 4/4
   349 | D:1      | Reached XP level 2. HP: 17/17 MP: 3/6
   401 | D:1      | Found Vufywk's Assorted Antiques.
   405 | D:1      | Bought a puce potion for 18 gold pieces
   723 | D:1      | Learned a level 2 spell: Call Imp
   726 | D:1      | Learned a level 2 spell: Blink
  1462 | D:2      | Reached XP level 3. HP: 17/21 MP: 4/7
  1471 | D:2      | Slain by a ball python

Illustrated notes

Levels and vault maps discovered:
D:1:      giann_wishing_wells, layout_loops_corners, serial_shops, shop
D:2:      layout_basic, chequers_ecumenical_altar_grove

Skill      XL: |  1  2 |
---------------+-------+-----
Stealth        | 3 |  3.0
Dodging        | |  2.2
Spellcasting   | |  3.2
Conjurations   | |  1.4
Summonings     | |  1.3
Translocations | |  1.3

Action                     || total
---------------------------++-------
  Melee: Dagger            ||    16
         Constrict         ||     6
         Tentacles         ||     3
   Cast: Magic Dart        ||    55
         Call Imp          ||     1
 Armour: Skin              ||    24
  Dodge: Dodged            ||    46

Table legend: (Time is in decaauts)
 A = Elapsed time spent in this place.
 B = Non-inter-level travel time spent in this place.
 C = Inter-level travel time spent in this place.
 D = Time resting spent in this place.
 E = Time spent auto-exploring this place.
 F = Levels seen in this place.
 G = Mean time per level.
                   A        B        C        D        E       F      G
               +--------+--------+--------+--------+--------+-----+--------+
         Total |   1470 |   1444 |     26 |      0 |   1256 |   2 |  735.0 |
       Dungeon |   1470 |   1444 |     26 |      0 |   1256 |   2 |  735.0 |
               +--------+--------+--------+--------+--------+-----+--------+

Top non-repeatable levels by time:
     D:1: 1420 daAuts
     D:2: 50 daAuts
